 Dungeon Crawl Stone Soup version 0.30.0-29-ga12c61a403 (webtiles) character file.

Game seed: 12363430022162566377

1310 ces the Skirmisher (level 8, -10/37 HPs)
             Began as a Spriggan Hunter on June 26, 2023.
             Shot with an arrow by a centaur (17 damage)
             ... on level 7 of the Dungeon.
             The game lasted 00:10:19 (4818 turns).

ces the Skirmisher (Spriggan Hunter)                Turns: 4818, Time: 00:10:20

Health: -10/37     AC:  4    Str:  7    XL:     8   Next: 32%
Magic:  9/9        EV: 21    Int: 10    God:
Gold:   154        SH:  0    Dex: 21    Spells: 7/7 levels left

rFire   + . .        a - +1 shortbow
rCold   x . .        (shield currently unavailable)
rNeg    . . .        c - +2 robe
rPois   .            (helmet restricted)
rElec   .            (no cloak)
rCorr   .            (gloves unavailable)
SInv    +            (boots unavailable)
Will    +....        n - amulet of regeneration
Stlth   ++           f - ring of flight
HPRegen 1.06/turn    p - ring of fire
MPRegen 0.11/turn

%: no passive effects
@: flying, very quick
A: very small, no large weapons, unfitting armour, see invisible, speed 3
a: no special abilities


You were on level 7 of the Dungeon.
You visited 2 branches of the dungeon, and saw 8 of its levels.

You collected 333 gold pieces.
You spent 179 gold pieces at shops.

Inventory:

Hand Weapons
 a - a +1 shortbow (weapon)
Armour
 c - a +2 robe (worn)
Jewellery
 f - a ring of flight (left hand)
 n - an amulet of regeneration (around neck)
 p - a ring of fire (right hand)
Wands
 i - a wand of mindburst (32)
 m - a wand of polymorph (16)
Scrolls
 b - 2 scrolls of immolation
 e - 5 scrolls of teleportation
 j - a scroll of fog
 l - 2 scrolls of blinking
 r - a scroll of magic mapping
 s - a scroll of amnesia {unknown}
 t - a scroll of enchant armour
 u - a scroll of butterflies {unknown}
 v - a scroll of vulnerability {unknown}
Potions
 d - a potion of curing
 g - a potion of might
 h - 2 potions of brilliance
 k - 2 potions of heal wounds
 o - a potion of cancellation
 q - 2 potions of ambrosia


   Skills:
 - Level 1.5 Fighting
 + Level 10.4 Ranged Weapons
 * Level 5.3 Dodging
 - Level 1.5 Stealth


You had 7 spell levels left.
You didn't know any spells.
Your spell library contained the following spells:

 Spells                   Type           Power      Damage    Failure   Level
 Blink                    Tloc           0%         N/A       50%         2
 Portal Projectile        Hex/Tloc       0%         N/A       75%         3
 Tukima's Dance           Hex            0%         N/A       75%         3
 Anguish                  Hex/Necr       0%         N/A       98%         4
 Manifold Assault         Tloc           0%         N/A       98%         4
 Blade Hands              Tmut           0%         N/A       100%        5
 Storm Form               Tmut/Air       0%         N/A       100%        7
 Shatter                  Erth           0%         3d5*      100%        9


Dungeon Overview and Level Annotations

Branches:
Dungeon (7/15)             Temple (1/1) D:5

Altars:
Ashenzari
Cheibriados
Dithmenos
Elyvilon
Gozag
Hepliaklqana
Kikubaaqudgha
Makhleb
Nemelex Xobeh
Okawaru
Qazlal
Ru
Sif Muna
Trog
Uskayaw
Vehumet
Wu Jian
Xom
Zin
The Shining One

Shops:
D:4 *   D:5 *?

Annotations:
D:4 Menkaure


Innate Abilities, Weirdness & Mutations

You are very small and have problems with some larger weapons.
You are too small for most types of armour.
You have supernaturally acute eyesight. (SInv)
You cover ground extremely quickly. (Speed+++)


Message History

A wight is nearby!
You shoot an arrow. The arrow hits the wight!
The wight is heavily damaged.
You shoot an arrow. The arrow hits the wight!
The wight is almost destroyed.
You shoot an arrow. The arrow hits the wight.
The wight is almost destroyed.
You shoot an arrow.
The arrow hits the wight but does no damage.
The wight is almost destroyed.
You shoot an arrow.
The arrow hits the wight but does no damage.
The wight is almost destroyed.
The wight misses you.
You shoot an arrow. The arrow closely misses the wight.
The wight barely misses you.
You shoot an arrow. The arrow hits the wight!
You destroy the wight!
No target in view!
Things that are here:
a +0 short sword; a +0 robe You now have 154 gold pieces (gained 15).
A centaur comes into view.
The centaur shouts!
You hear a shout! x4
A centaur is nearby!
You shoot an arrow. The arrow hits the centaur!
The centaur is heavily wounded.
The centaur wields a +0 heavy shortbow.
The centaur shoots an arrow.
The arrow hits you!
You hear a shout!
You shoot an arrow. The arrow hits the centaur!
The centaur is almost dead.
The centaur shoots an arrow.
The arrow hits you!!
Ouch! That really hurt!
* * * LOW HITPOINT WARNING * * *
The centaur shoots an arrow.
The arrow barely misses you.
The centaur shoots an arrow.
The arrow barely misses you.
An orc comes into view. It is wielding a +0 dagger.
The centaur shoots an arrow.
The arrow hits you!
You die...

... ..c.
...c.########
............#
.....#....#.#
... #....#.#
.
#.##.#.#####
#....@.....#
#.####.###.#
#[.....###.#
######)....#
##.#### #.#
#)# #.# #.#


You could see a centaur.

Vanquished Creatures
  A sky beast (D:6)
  A black bear (D:6)
  An ice beast (D:6)
  An ogre (D:6)
  3 centaurs
  A scorpion (D:5)
  3 wights (D:7)
  3 hounds
  2 iguanas
  A sleepcap (D:4)
  4 orc wizards
  A mummy (D:5)
  7 adders
  7 gnolls
  2 shadow imps
  An ufetubus (D:5)
  2 worms
  A dart slug (D:4)
  6 orcs (D:5)
  2 ball pythons
  2 bats
  4 endoplasms
  8 goblins
  A hobgoblin (D:3)
  4 jackals
  2 quokkas (D:2)
  3 frilled lizards
  A hobgoblin zombie (D:5)
  13 kobolds
  A kobold zombie (D:5)
  2 orc zombies (D:5)
  5 rats (D:3)
96 creatures vanquished.

Notes
Turn   | Place    | Note
-------+----------+-------------------------------------------
     0 | D:1      | ces the Spriggan Hunter began the quest for the Orb.
     0 | D:1      | Reached XP level 1. HP: 10/10 MP: 2/2
   167 | D:1      | You fall into a shaft and drop 1 floor!
   245 | D:2      | Reached XP level 2. HP: 14/14 MP: 3/3
   789 | D:2      | Reached skill level 5 in Ranged Weapons
   789 | D:2      | Reached XP level 3. HP: 12/18 MP: 4/4
  1168 | D:3      | Reached XP level 4. HP: 22/22 MP: 5/5
  1185 | D:3      | Found a bloodstained altar of Trog.
  1528 | D:3      | Found a sacrificial altar of Ru.
  1540 | D:3      | Reached skill level 6 in Ranged Weapons
  1735 | D:4      | Reached XP level 5. HP: 25/25 MP: 6/6
  1768 | D:4      | Found Ebeal's Assorted Antiques.
  1862 | D:4      | Found a large runed translucent door.
  1863 | D:4      | Found a large runed translucent door.
  1987 | D:4      | Reached skill level 7 in Ranged Weapons
  1988 | D:4      | Found a sparkling altar of Nemelex Xobeh.
  1991 | D:4      | Found a snail-covered altar of Cheibriados.
  2166 | D:4      | Noticed Menkaure
  2213 | D:5      | Entered Level 5 of the Dungeon
  2213 | D:5      | Found Ireath's General Store.
  2223 | D:5      | Bought a scroll of teleportation for 42 gold pieces
  2260 | D:5      | Reached XP level 6. HP: 30/30 MP: 7/7
  2406 | D:5      | Found a glowing silver altar of Zin.
  2494 | D:5      | Reached skill level 8 in Ranged Weapons
  2582 | D:5      | Reached XP level 7. HP: 25/33 MP: 8/8
  2713 | D:5      | Found a hide-covered altar of Uskayaw.
  2780 | D:5      | Found a shimmering blue altar of Sif Muna.
  3002 | D:5      | Found Izeumuj's Magic Scroll Shoppe.
  3015 | D:5      | Bought a scroll of identify for 22 gold pieces
  3015 | D:5      | Bought a scroll of blinking for 82 gold pieces
  3015 | D:5      | Bought a scroll of teleportation for 33 gold pieces
  3416 | D:5      | Found a staircase to the Ecumenical Temple.
  3429 | Temple   | Entered the Ecumenical Temple
  3932 | D:6      | Reached skill level 9 in Ranged Weapons
  4389 | D:6      | Reached XP level 8. HP: 22/37 MP: 9/9
  4584 | D:6      | Reached skill level 10 in Ranged Weapons
  4584 | D:6      | Reached skill level 5 in Dodging
  4719 | D:6      | Got the Disquisition on Gritty Obstruction
  4818 | D:7      | Shot with an arrow by a centaur

Illustrated notes

Levels and vault maps discovered:
D:1:      dpeg_arrival_shrine, layout_basic, minmay_pentomino_t4
D:2:      layout_basic, eino_tiny_chamber
D:3:      layout_basic, nicolae_ru_great_annihilating_truth,
          mainiacjoe_overflow_24_doors
D:4:      layout_basic, fedhas_altar_2, jmf_multi_god_temple2, serial_shops,
          shop, minmay_goblin_kobold_house, uniq_menkaure
D:5:      layout_basic, mainiacjoe_overflow_alcove_4,
          grunt_temple_overflow_open, temple_hall, serial_shops, shop,
          shop_statue, minmay_mini_ossuary
D:6:      layout_basic
D:7:      layout_basic
Temple:   nicolae_temple_god_jail

Skill      XL: |  1  2  3  4  5  6  7  8 |
---------------+-------------------------+-----
Ranged Weapons | 5 6 7 8 9 10 | 10.4
Dodging        | 3 4 5 |  5.3
Fighting       | |  1.5
Stealth        | |  1.5

Action                     |  1- 3 |  4- 6 |  7- 9 || total
---------------------------+-------+-------+-------++-------
   Fire: Shortbow          |    79 |   158 |   127 ||   364
    Use: Scroll            |       |     8 |     3 ||    11
         Potion            |       |     3 |     1 ||     4
 Armour: Robe              |     7 |     4 |     5 ||    16
  Dodge: Dodged            |    40 |    47 |    40 ||   127
